 Dungeon Crawl Stone Soup version 0.31-a0-986-g5e6e4ef867 (webtiles) character file.

Game seed: 16597083225156824794

54 LeprechaunX the Changeling (level 3, -1/24 HPs)
             Began as an Octopode Shapeshifter on Nov 20, 2023.
             Slain by a cerulean imp
             ... wielding a +2 spear
             ... summoned by Natasha
              (5 damage)
             ... on level 2 of the Dungeon.
             The game lasted 00:01:12 (1061 turns).

LeprechaunX the Changeling (Octopode Shapeshifter)  Turns: 1061, Time: 00:01:12

Health: -1/24      AC:  1    Str: 13    XL:     3   Next: 91%
Magic:  12/12      EV: 13    Int: 12    God:
Gold:   76         SH:  0    Dex: 13    Spells: 2/2 levels left

rFire   . .          .
                       - Unarmed
rCold   . . .        (no shield)
rNeg    + . .        (helmet currently unavailable)
rPois   .            (no amulet)
rElec   .            g - ring of positive energy
rCorr   .            h - ring of magical power
SInv    .            (no ring)
Will    .....        (no ring)
Stlth   ++           (no ring)
HPRegen 0.24/turn    (no ring)
MPRegen 0.13/turn    (no ring)
                     (no ring)

%: no passive effects
@: beast-form
A: beast (slay +2), almost no armour, amphibious, 8 rings, camouflage 1,
gelatinous body 1, (nimble swimmer 1), tentacles
a: Begin Untransformation


You were on level 2 of the Dungeon.
You were a hulking beast.
You visited 1 branch of the dungeon, and saw 2 of its levels.

You collected 76 gold pieces.

Inventory:

Missiles
 e - 2 curare-tipped darts
Jewellery
 g - a ring of positive energy (left tentacle)
 h - a ring of magical power (right tentacle)
Talismans
 b - a beast talisman
 c - a flux talisman
 j - a blade talisman
Scrolls
 d - 3 scrolls of teleportation {unknown}
 f - a scroll of silence {unknown}
 i - a scroll of brand weapon {unknown}
 k - a scroll of blinking {unknown}
 m - a scroll of vulnerability {unknown}
Potions
 a - 2 potions of lignification
 l - a potion of enlightenment {unknown}


   Skills:
 + Level 1.8 Fighting
 + Level 1.1 Throwing
 - Level 2.0 Dodging
 + Level 3.3 Unarmed Combat
 * Level 3.6 Shapeshifting


You had 2 spell levels left.
You didn't know any spells.
Your spell library contained the following spells:

 Spells                   Type           Power      Damage    Failure   Level
 Tukima's Dance           Hex            0%         N/A       69%         3
 Volatile Blastmotes      Fire/Tloc      0%         2d10      69%         3
 Fulminant Prism          Conj/Hex       0%         3d5       97%         4
 Iskenderun's Mystic Bla  Conj/Tloc      0%         2d3       97%         4
 Passage of Golubria      Tloc           0%         N/A       97%         4
 Yara's Violent Unravell  Hex/Tmut       0%         3d3       100%        5


Dungeon Overview and Level Annotations

Branches:
Dungeon (2/15)

Altars:

Annotations:
D:2 Natasha


Innate Abilities, Weirdness & Mutations

You are a hulking beast.
Your limbs bulge with bestial killing power. (Slay +2)
You cannot wear most types of armour.
You are amphibious.
You can wear up to eight rings at the same time.
Your skin changes colour to match your surroundings (Stealth+).
Your rubbery body absorbs attacks. (AC +1, EV +1)
((You are camouflaged when in or above water. (Stealth+)))
You have tentacles for arms and can constrict up to eight enemies at once.


Message History

No target in view!
No target in view!
No target in view!
No target in view!
No target in view!
No target in view!
No target in view!
No target in view!
No target in view!
You see here 3 poisoned darts.
Natasha, Servant of Life and Death comes into view.
Natasha is nearby!
Natasha is nearby!
Natasha is nearby!
Natasha hisses angrily.
Natasha mumbles some strange words.
You tentacle-slap Natasha but do no damage.
Your grab misses Natasha. Your squeeze misses Natasha.
Natasha closely misses you.
You tentacle-slap Natasha but do no damage.
Your grab misses Natasha.
The cerulean imp hits you from afar with a +2 spear.
Natasha casts a spell at you. The magic dart hits you!
You are too injured to fight recklessly!
You are too injured to fight recklessly!
You are too injured to fight recklessly!
You tentacle-slap Natasha but do no damage.
Your grab misses Natasha. The cerulean imp barely misses you.
Natasha claws you!
* * * LOW HITPOINT WARNING * * *
The cerulean imp closely misses you.
The cerulean imp attacks as it pursues you!
The cerulean imp hits you from afar with a +2 spear.
* * * LOW HITPOINT WARNING * * *
The cerulean imp attacks as it pursues you!
The cerulean imp closely misses you.
The cerulean imp attacks as it pursues you!
The cerulean imp hits you from afar with a +2 spear.
You die...

## #...#####.........# .##
#†#...........?...#
..######.#.#####.........#
#........#.## ###.#
#######.....# ##.h.#
##..##..## ##..###
..........# #.5##
###.#####.# #.## #.
#.###h# .. #.##..# ..
###.#.(## #......#
#......# #......# #......#
#......# #......#


You could see Natasha and a cerulean imp (summoned).

Vanquished Creatures
  Terence (D:2)
  2 dart slugs (D:1)
  2 bats
  5 endoplasms
  A giant cockroach (D:2)
  2 goblins
  2 quokkas
  A ball python (D:2)
  A frilled lizard (D:1)
  4 kobolds
21 creatures vanquished.

Notes
Turn   | Place    | Note
-------+----------+-------------------------------------------
     0 | D:1      | LeprechaunX the Octopode Shapeshifter began the quest for
                  | the Orb.
     0 | D:1      | Reached XP level 1. HP: 13/13 MP: 1/1
   282 | D:1      | Reached XP level 2. HP: 18/18 MP: 2/2
   834 | D:2      | Noticed Terence
   840 | D:2      | Killed Terence
   841 | D:2      | Reached skill level 1 in Throwing
   841 | D:2      | Reached XP level 3. HP: 9/24 MP: 3/3
  1052 | D:2      | Noticed Natasha
  1061 | D:2      | Slain by a cerulean imp

Illustrated notes

Levels and vault maps discovered:
D:1:      lemuel_arrival_river_ford, layout_basic, minmay_misc_feat_hallway
D:2:      layout_rooms, serial_shops, nicolae_square_shop, uniq_terence,
          uniq_natasha

Skill      XL: |  1  2 |
---------------+-------+-----
Throwing       | 1 |  1.1
Fighting       | |  1.8
Dodging        | |  2.0
Unarmed Combat | |  3.3
Shapeshifting  | |  3.6

Action                     || total
---------------------------++-------
  Melee: Unarmed           ||    39
         Constrict         ||     7
         Tentacles         ||     7
   Stab: Sleeping          ||     4
 Armour: Skin              ||    16
  Dodge: Dodged            ||    15

Table legend: (Time is in decaauts)
 A = Elapsed time spent in this place.
 B = Non-inter-level travel time spent in this place.
 C = Inter-level travel time spent in this place.
 D = Time resting spent in this place.
 E = Time spent auto-exploring this place.
 F = Levels seen in this place.
 G = Mean time per level.
                   A        B        C        D        E       F      G
               +--------+--------+--------+--------+--------+-----+--------+
         Total |   1057 |   1052 |      5 |      0 |    918 |   2 |  528.5 |
       Dungeon |   1057 |   1052 |      5 |      0 |    918 |   2 |  528.5 |
               +--------+--------+--------+--------+--------+-----+--------+

Top non-repeatable levels by time:
     D:1: 729 daAuts
     D:2: 328 daAuts
